 Dungeon Crawl Stone Soup version 0.25-a0-464-g3004169c2b (webtiles) character file.

Game seed: 395069756892380433, levelgen mode: deterministic

361 Esekla the Magician (level 6, -2/32 HPs)
             Began as a Deep Elf Wizard on Feb 4, 2020.
             Slain by an iguana (10 damage)
             ... on level 4 of the Dungeon.
             The game lasted 00:22:13 (3639 turns).

Esekla the Magician (Deep Elf Wizard)               Turns: 3639, Time: 00:22:14

Health: -2/32      AC:  6    Str:  6    XL:     6   Next: 38%
Magic:  13/18      EV: 12    Int: 23    God:
Gold:   96         SH:  0    Dex: 13    Spells: 10/19 levels left

rFire    . . .     SeeInvis .   p - +0 dagger (venom)
rCold    . . .     Gourm    .   (no shield)
rNeg     . . .     Faith    .   m - +3 leather armour
rPois    .         Spirit   .   b - +0 hat
rElec    .         Reflect  .   (no cloak)
rCorr    .         Harm     .   (no gloves)
MR       .....                  (no boots)
Stlth    +++.......             (no amulet)
HPRegen  0.10/turn              f - ring of stealth
MPRegen  0.16/turn              (no ring)

@: no status effects
A: no striking features
a: no special abilities


You were on level 4 of the Dungeon.
You were not hungry.

You visited 1 branch of the dungeon, and saw 4 of its levels.

You collected 96 gold pieces.

Inventory:

Hand Weapons
 p - a +0 dagger of venom (weapon)
Missiles
 n - 4 boomerangs (quivered)
 q - 6 javelins
Armour
 b - a +0 hat (worn)
 m - a +3 leather armour (worn)
Jewellery
 f - a ring of stealth (left hand)
Scrolls
 e - a scroll of amnesia {unknown}
 i - 4 scrolls of identify {unknown}
 j - 2 scrolls of fear {unknown}
 l - a scroll of magic mapping {unknown}
 o - a scroll of random uselessness {unknown}
Potions
 a - a potion of curing {unknown}
 c - a potion of cancellation {unknown}
 g - a potion of mutation {unknown}
 h - a potion of agility {unknown}
Comestibles
 d - 4 rations
 k - a chunk of flesh


   Skills:
 + Level 0.5 Short Blades
 * Level 1.1 Armour
 + Level 3.0 Dodging
 - Level 2.4 Stealth
 * Level 7.2 Spellcasting
 + Level 2.1 Conjurations
   Level 1.1 Summonings
 * Level 2.1 Translocations
 * Level 1.6 Fire Magic
 * Level 1.7 Air Magic
 * Level 1.5 Poison Magic


You had 10 spell levels left.
You knew the following spells:

 Your Spells              Type           Power        Failure   Level  Hunger
a - Magic Dart            Conj           ###.         4%          1    None
b - Blink                 Tloc           N/A          8%          2    None
c - Mephitic Cloud        Conj/Pois/Air  ###.....     17%         3    None
f - Conjure Flame         Conj/Fire      ###.....     16%         3    None

Your spell library contained the following spells:

 Spells                   Type           Power        Failure   Level  Hunger
 Call Imp                 Summ           ##......     11%         2    None
 Slow                     Hex            #.......     19%         2    None


Dungeon Overview and Level Annotations

Branches:
Dungeon (4/15)
 Temple: D:4-7

Altars:
Makhleb
Qazlal
Ru
Zin
The Shining One


Message History

The iguana bites you.
You hit the iguana.
The iguana is severely wounded.
The iguana bites you.
You closely miss the iguana.
The iguana is severely wounded.
The iguana bites you.
* * * LOW HITPOINT WARNING * * *
Casting: Magic Dart (safe; 4% risk of failure)
Confirm with . or Enter, or press ? or * to list all spells.
Aiming: Magic Dart (safe; 4% risk of failure)
Press: ? - help, Shift-Dir - straight line, f/p - iguana
Aim: an iguana (severely wounded)
The magic dart hits the iguana but does no damage.
The iguana is severely wounded.
The iguana closely misses you.
You closely miss the iguana.
The iguana is severely wounded.
The iguana bites you!
You die...

#.................##......##.....
##.................#..........###
###......รท...................#
#########...##.....##.......#
##..###...####..###.#
#...#.......... #.#
##............# #. #.....#######
# #..@..# #..l..## #....)..#
#....##..# #..## #... #.## #...#
.# ##..# ##.


You could see an iguana.

Vanquished Creatures
  An ogre (D:4)
  A bullfrog skeleton (D:4)
  2 orc wizards (D:3)
  An iguana (D:4)
  3 worker ants
  2 adders
  An adder skeleton (D:2)
  A worm (D:4)
  A dart slug (D:1)
  3 leopard geckos
  4 orcs (D:3)
  6 giant cockroaches
  3 goblins (D:1)
  11 hobgoblins
  10 jackals
  A quokka (D:2)
  4 bats
  A frilled lizard (D:2)
  7 kobolds
  5 rats
68 creatures vanquished.

Notes
Turn   | Place    | Note
-------+----------+-------------------------------------------
     0 | D:1      | Esekla the Deep Elf Wizard began the quest for the Orb.
     0 | D:1      | Reached XP level 1. HP: 10/10 MP: 7/7
   237 | D:1      | Reached skill level 5 in Spellcasting
   271 | D:1      | Reached XP level 2. HP: 15/15 MP: 7/10
   324 | D:1      | Learned a level 2 spell: Blink
   907 | D:2      | Reached XP level 3. HP: 19/19 MP: 3/12
   912 | D:2      | Learned a level 3 spell: Mephitic Cloud
   916 | D:2      | Learned a level 3 spell: Conjure Flame
   984 | D:2      | Reached skill level 6 in Spellcasting
  1492 | D:1      | Reached XP level 4. HP: 24/24 MP: 12/14
  1673 | D:2      | Found a sacrificial altar of Ru.
  2250 | D:3      | Reached skill level 1 in Fire Magic
  2259 | D:3      | Found a burning altar of Makhleb.
  2261 | D:3      | Found a glowing silver altar of Zin.
  2261 | D:3      | Noticed an angel
  2261 | D:3      | Noticed a cacodemon
  2631 | D:3      | Found a glowing golden altar of the Shining One.
  2855 | D:3      | Reached XP level 5. HP: 12/28 MP: 10/16
  2861 | D:3      | Reached skill level 1 in Poison Magic
  3310 | D:4      | Noticed an ogre
  3320 | D:4      | Killed an ogre
  3320 | D:4      | Reached skill level 1 in Armour
  3320 | D:4      | Reached skill level 7 in Spellcasting
  3320 | D:4      | Reached skill level 1 in Air Magic
  3320 | D:4      | Reached XP level 6. HP: 31/32 MP: 10/18
  3410 | D:4      | Found a stormy altar of Qazlal.
  3639 | D:4      | Slain by an iguana

Levels and vault maps discovered:
D:1:      dpeg_arrival_boxorama, layout_rooms
D:2:      layout_basic, nicolae_overflow_hidden_temple, serial_glass,
          glass_columns_b, glass_columns_a, glass_columns_a, glass_columns_a,
          glass_columns_a, glass_columns_b, glass_columns_b, glass_columns_a,
          glass_columns_a, glass_columns_a, glass_columns_b, glass_columns_a,
          glass_columns_a, glass_columns_a
D:3:      layout_loops_ring, grunt_temple_overflow_order_and_chaos_2,
          marbit_many_paths
D:4:      layout_layer_cave, vehumet_crystals, grunt_qazlal_sundering

Skill      XL: |  1  2  3  4  5 |
---------------+----------------+-----
Spellcasting   | 5 6 7 |  7.2
Fire Magic     | 1 |  1.6
Poison Magic   | 1 |  1.5
Translocations | 2 |  2.1
Armour         | 1 |  1.1
Dodging        | 3 |  3.0
Conjurations   | 2 |  2.1
Air Magic      | 1 |  1.7
Short Blades   | |  0.5
Stealth        | |  2.4
Summonings     | |  1.1

Action                   |  1- 3 |  4- 6 || total
-------------------------+-------+-------++-------
Melee: Dagger            |    31 |    19 ||    50
       Short sword       |       |    10 ||    10
 Cast: Magic Dart        |   105 |   120 ||   225
       Mephitic Cloud    |       |     3 ||     3
 Stab: Sleeping          |     2 |     3 ||     5
       Confused          |       |     1 ||     1
  Eat: Chunk             |     1 |     7 ||     8
Armor: Robe              |    16 |       ||    16
       Leather armour    |       |    18 ||    18
Dodge: Dodged            |    65 |    39 ||   104

Table legend:
 A = Non-vault XP
 B = Vault XP
 C = Vault XP percentage of total XP
 D = Non-vault monster count
 E = Vault monster count
 F = Vault count percentage of total count
                 A         B        C        D         E       F
            +---------+---------+-------+---------+---------+-------
      Total |     514 |       2 |   0.4 |      67 |       1 |   1.5
            +---------+---------+-------+---------+---------+-------
        D:1 |      42 |       0 |   0.0 |      23 |       0 |   0.0
        D:2 |      91 |       0 |   0.0 |      24 |       0 |   0.0
        D:3 |     112 |       2 |   1.8 |      14 |       1 |   6.7
        D:4 |     269 |       0 |   0.0 |       6 |       0 |   0.0
            +---------+---------+-------+---------+---------+-------
